cohdb
Replays
Latest Replays
All Replays
Popular Replays
Top Player Replays
Match Explorer
How It Works
Community
CoH3 Stats
Reddit
Sign in to upload your games and track your stats! →
Sign in with Steam
Match 42891610
Unlisted
Match 42891610
Overview
Messages
Build Orders
End
Kradschützen Motorcycle Team
Panzerpioneer Squad
Selects Armored Support Battlegroup
Panzergrenadier Squad
250 Light Carrier
Panzergrenadier Squad
Construct Light Support Kompanie
Selects Superior Fire Drills
Combat Half-tracks
Fire Support Elements
Assault Mechanized Group
Flakvierling Half-track
Selects Salvage Kits
Selects Flammpanzer III Medium Tank
Veteran Squad Leaders
Flammpanzer III Medium Tank
Panzerjäger Squad
Trion
|_THUNDER_|
0
0
Comments
sign in to comment!
No comments posted yet!